 Dungeon Crawl Stone Soup version 0.28-a0-1510-gd0f6b136d3 (webtiles) character file.

Game seed: 16246765766944618809

107 Protee the Skirmisher (level 4, -10/37 HPs)
             Began as a Demonspawn Chaos Knight on Jan 16, 2022.
             Was a Plaything of Xom.
             Mangled by Robin the sea snake (shapeshifter) (11 damage)
             ... on level 2 of the Dungeon.
             The game lasted 00:02:21 (1735 turns).

Protee the Skirmisher (Demonspawn Chaos Knight)     Turns: 1735, Time: 00:02:26

Health: -10/37     AC:  5    Str: 14    XL:     4   Next: 57%
Magic:  4/4        EV: 11    Int: 14    God:    Xom [....*.]
Gold:   64         SH:  0    Dex: 12    Spells: 3/3 levels left

rFire   . . .      SeeInvis .   i - +1 spear (chaos)
rCold   + . .      Faith    .   (no shield)
rNeg    . . .      Spirit   .   b - +2 leather armour
rPois   .          Reflect  .   (no helmet)
rElec   .          Harm     .   (no cloak)
rCorr   .          Rampage  .   (no gloves)
Will    .....                   (no boots)
Stlth   +.........              e - amulet of magic regeneration
HPRegen 0.12/turn               f - ring of protection from cold
MPRegen 0.49/turn               (no ring)

@: no status effects
A: powered by pain 1, spiny 1
a: Renounce Religion


You were on level 2 of the Dungeon.
You worshipped Xom.
You were a beloved toy of Xom.
You visited 1 branch of the dungeon, and saw 2 of its levels.

You collected 64 gold pieces.

Inventory:

Hand Weapons
 a - a +0 mace of chaos
 i - a +1 spear of chaos (weapon)
Missiles
 h - 2 throwing nets (quivered)
Armour
 b - a +2 leather armour (worn)
Jewellery
 e - an amulet of magic regeneration (around neck)
 f - a ring of protection from cold (left hand)
Scrolls
 c - a scroll of amnesia {unknown}
 d - 2 scrolls of identify {unknown}
 g - 4 scrolls of teleportation {unknown}
Potions
 j - a potion of flight {unknown}
 k - 2 potions of brilliance {unknown}


   Skills:
 + Level 3.6 Fighting
 + Level 3.3 Maces & Flails
 + Level 2.6 Armour
 + Level 2.1 Dodging


You had 3 spell levels left.
You didn't know any spells.
Your spell library was empty.

Dungeon Overview and Level Annotations

Branches:
Dungeon (2/15)

Altars:

Annotations:
D:2 Robin


Innate Abilities, Weirdness & Mutations

You sometimes gain a little power by taking damage.
You are partially covered in sharp spines.


Message History

"Hum-dee-hum-dee-hum..."
Robin suddenly seems more resistant.
The hobgoblin hits you.
You hit the hobgoblin but do no damage. You drain the hobgoblin.
The hobgoblin is heavily wounded.
The hobgoblin is struck by your spines. The hobgoblin closely misses you.
You hit the hobgoblin.
You kill the hobgoblin!
Robin is struck by your spines. Robin misses you.
You closely miss Robin.
Robin is lightly wounded.
Robin hits you with a +0 club.
You barely miss Robin.
Robin is lightly wounded.
Robin is struck by your spines. Robin misses you.
You hit Robin but do no damage.
Robin is heavily wounded.
Robin hits you with a +0 club.
You hit Robin but do no damage.
Robin is heavily wounded.
Robin hits you with a +0 club.
You are too injured to fight recklessly!
You are too injured to fight recklessly!
You are too injured to fight recklessly!
You are too injured to fight recklessly!
You barely miss Robin.
Robin is heavily wounded.
Robin hits you with a +0 club.
You hit Robin but do no damage.
Robin changes into a shapeshifter!
Xom thinks this is hilarious!
Robin is heavily wounded.
Robin the shapeshifter changes into a sea snake!
You barely miss Robin. Robin closely misses you.
You hit Robin.
Robin seems to speed up.
Robin is lightly wounded.
Robin is struck by your spines. Robin bites you!
* * * LOW HITPOINT WARNING * * *
Xom roars with laughter!
Robin bites you!
You die...
Xom chortles!

##########♣♣♣♣♣♣♣♣
#........♣♣.?8_8.♣♣ #######
#..[....♣♣†)......♣ ♣......
#.......♣)@.♣...♣♣..♣......
#.......♣S♣♣♣.⌠.♣ ♣♣.......
#........♣♣.♣...♣ .........
#.........g.♣.♣.♣♣♣........
#.........g♣..♣♣..♣........
###
#.........g♣.♣♣♣♣.♣........
..####..!#..$.g.#♣.
♣.♣.##.#...
.................♣.♣♣
♣♣.....'..> ........
..g<.gg.♣..♣ ♣.....#...


You could see Robin the sea snake shaped shifter (fast).

Vanquished Creatures
  4 gnolls (D:2)
  2 adders (D:2)
  A worm (D:2)
  5 ball pythons (D:1)
  2 endoplasms
  11 goblins
  8 hobgoblins
  A quokka (D:2)
  2 bats (D:1)
  3 frilled lizards (D:1)
  2 kobolds (D:1)
  5 rats
46 creatures vanquished.

Vanquished Creatures (collateral kills)
  A goblin (D:2)
  A ball python (D:1)
2 creatures vanquished.

Vanquished Creatures (others)
  A goblin (D:2)
1 creature vanquished.

Grand Total: 49 creatures vanquished

Notes
Turn   | Place    | Note
-------+----------+-------------------------------------------
     0 | D:1      | Protee the Demonspawn Chaos Knight began the quest for the
                  | Orb.
     0 | D:1      | Reached XP level 1. HP: 18/18 MP: 1/1
    41 | D:1      | Reached skill level 1 in Dodging
   114 | D:1      | XOM: silly message
   124 | D:1      | Gained mutation: You sometimes gain a little power by
                  | taking damage. [demonic ancestry]
   124 | D:1      | Reached XP level 2. HP: 5/24 MP: 2/2
   177 | D:1      | XOM: silly message
  1103 | D:2      | Reached XP level 3. HP: 20/29 MP: 3/3
  1419 | D:2      | XOM: chaos upgrade
  1482 | D:2      | Noticed Robin
  1482 | D:2      | XOM: 3-stop teleportation journey
  1564 | D:2      | Gained mutation: You are partially covered in sharp spines.
                  | [demonic ancestry]
  1564 | D:2      | Reached XP level 4. HP: 35/35 MP: 4/4
  1691 | D:2      | Found a faded altar of an unknown god.
  1725 | D:2      | XOM: enchant monster (bad)
  1733 | D:2      | Noticed Robin
  1733 | D:2      | Robin changed into Robin the shapeshifter
  1733 | D:2      | Noticed Robin
  1733 | D:2      | Robin the shapeshifter changed into Robin the sea snake
  1735 | D:2      | HP: 1/37 [Robin the sea snake (shapeshifter) (13)]
  1735 | D:2      | Mangled by Robin the sea snake (shapeshifter)

Illustrated notes

Levels and vault maps discovered:
D:1:      minmay_arrival_arboretum_small, layout_basic, st_stairs_11
D:2:      layout_basic, shapermc_ecumenical_altar_totnotflames, uniq_robin

Skill      XL: |  1  2  3  4 |
---------------+-------------+-----
Dodging        | 1 2 |  2.1
Armour         | 2 |  2.6
Maces & Flails | 3 |  3.3
Fighting       | |  3.6

Action                   |  1- 3 |  4- 6 || total
-------------------------+-------+-------++-------
Melee: Mace              |    81 |       ||    81
       Punch             |     3 |       ||     3
       Spear             |     6 |    44 ||    50
Armor: Leather armour    |    19 |     6 ||    25
Dodge: Dodged            |    48 |    12 ||    60

Table legend: (Time is in decaauts)
 A = Elapsed time spent in this place.
 B = Non-inter-level travel time spent in this place.
 C = Inter-level travel time spent in this place.
 D = Time resting spent in this place.
 E = Time spent auto-exploring this place.
 F = Levels seen in this place.
 G = Mean time per level.
                   A        B        C        D        E       F      G
               +--------+--------+--------+--------+--------+-----+--------+
         Total |   1759 |   1711 |     48 |    659 |    739 |   2 |  879.5 |
       Dungeon |   1759 |   1711 |     48 |    659 |    739 |   2 |  879.5 |
               +--------+--------+--------+--------+--------+-----+--------+

Top non-repeatable levels by time:
     D:1: 1050 daAuts
     D:2: 708 daAuts
